 Dungeon Crawl Stone Soup version 0.22-a0-417-g1387785 (webtiles) character file.

56 Mgcat the Skirmisher (level 3, 0/30 HPs)
             Began as a Demonspawn Fighter on May 14, 2018.
             Slain by a kobold
             ... wielding a +0 club
              (5 damage)
             ... on level 2 of the Dungeon.
             The game lasted 00:02:37 (933 turns).

Mgcat the Skirmisher (Demonspawn Fighter)            Turns: 933, Time: 00:02:38

Health: 0/30       AC:  7    Str: 17    XL:     3   Next: 69%
Magic:  3/3        EV:  6    Int:  9    God:
Gold:   82         SH:  8    Dex: 12    Spells: 2/2 levels left

rFire    . . .     SeeInvis .     - Unarmed
rCold    . . .     Gourm    .   b - +0 shield
rNeg     . . .     Faith    .   a - +0 scale mail
rPois    .         Spirit   .   x - +0 helmet
rElec    .         Reflect  .   (no cloak)
rCorr    .         Harm     .   (no gloves)
MR       .....                  (no boots)
Stlth    ..........             (no amulet)
HPRegen  0.10/turn              (no ring)
MPRegen  0.08/turn              (no ring)

@: lethally poisoned (0 -> -4)
A: powered by death 1
a: no special abilities


You were on level 2 of the Dungeon.
You were hungry.

You visited 1 branch of the dungeon, and saw 2 of its levels.

You collected 82 gold pieces.

Inventory:

Hand Weapons
 i - a +0 mace
   (You found it on level 1 of the Dungeon)
 j - a +0 club
   (You took it off a hobgoblin on level 1 of the Dungeon)
 k - a +0 dagger
   (You took it off a goblin on level 1 of the Dungeon)
 l - a +0 hand axe
   (You found it on level 1 of the Dungeon)
 m - a +0 club
   (You found it on level 1 of the Dungeon)
 p - a cursed +0 dagger
   (You took it off a kobold on level 1 of the Dungeon)
 q - a +0 mace
   (You found it on level 1 of the Dungeon)
 r - a +0 club
   (You took it off a goblin on level 1 of the Dungeon)
 t - a +0 short sword
   (You took it off a kobold on level 2 of the Dungeon)
 y - a +0 dagger
   (You found it on level 2 of the Dungeon)
 z - a +0 mace
   (You found it on level 2 of the Dungeon)
Armour
 a - a +0 scale mail (worn)
 b - a +0 shield (worn)
 x - a +0 helmet (worn)
   (You found it on level 2 of the Dungeon)
Scrolls
 g - a scroll of fog {unknown}
 n - a scroll of teleportation {unknown}
 o - 3 scrolls of immolation {unknown}
 s - 2 scrolls of remove curse {unknown}
 u - a scroll of identify {unknown}
 v - a scroll of blinking {unknown}
Potions
 c - a potion of might
 e - a potion of lignification {unknown}
 h - a potion of brilliance {unknown}
 w - a potion of agility {unknown}
Comestibles
 d - 3 rations
 f - 8 chunks of flesh {@w0}


   Skills:
 + Level 3.9 Fighting
 - Level 2.6 Armour
 - Level 2.6 Shields
 + Level 2.9 Unarmed Combat


You had 2 spell levels left.
You didn't know any spells.
Your spell library was empty.

Dungeon Overview and Level Annotations

Branches:
Dungeon (2/15)

Altars:


Innate Abilities, Weirdness & Mutations

You regenerate a little health from kills.


Message History

You now have 82 gold pieces (gained 9).
A hobgoblin comes into view. It is wielding a club.
The hobgoblin shouts!
You hear a shout!
You hit the hobgoblin.
The hobgoblin is lightly wounded.
The hobgoblin hits you but does no damage.
You hit the hobgoblin.
The hobgoblin is moderately wounded.
The hobgoblin hits you with a club.
An adder comes into view.
You closely miss the hobgoblin.
The hobgoblin is moderately wounded.
You hit the hobgoblin.
The hobgoblin is severely wounded.
You block the hobgoblin's attack.
You closely miss the hobgoblin.
The hobgoblin is severely wounded.
The hobgoblin hits you but does no damage.
The adder bites you but does no damage.
You completely miss the hobgoblin.
The hobgoblin is severely wounded.
The adder bites you but does no damage. You block the hobgoblin's attack.
A kobold comes into view. It is wielding a club.
You hit the hobgoblin but do no damage.
The hobgoblin is severely wounded.
The adder bites you.
You are poisoned.
The adder poisons you! You block the hobgoblin's attack.
The adder bites you but does no damage.
You closely miss the hobgoblin.
The hobgoblin is severely wounded.
You feel sick. You block the hobgoblin's attack.
The adder bites you but does no damage.
You feel sick. The adder bites you but does no damage.
You hit the adder.
The adder is lightly wounded.
You block the adder's attack.
You barely miss the adder.
The adder is lightly wounded.
You feel sick. The adder bites you but does no damage.
The adder closely misses you.
You miss the adder.
The adder is lightly wounded.
The adder bites you but does no damage.
You hit the adder.
The adder is heavily wounded.
The adder closely misses you. The adder bites you but does no damage.
You closely miss the adder.
The adder is heavily wounded.
The adder bites you but does no damage.
You miss the adder.
The adder is heavily wounded.
You feel sick. The adder bites you but does no damage. The adder bites you.
You are more poisoned.
The adder poisons you!
You hit the adder but do no damage.
The adder is heavily wounded.
The adder bites you. The adder bites you but does no damage.
You closely miss the adder.
The adder is heavily wounded.
You feel sick. You block the adder's attack.
You hit the adder.
The adder is almost dead.
The adder bites you.
You closely miss the adder.
The adder is almost dead.
The adder bites you.
* * * LOW HITPOINT WARNING * * *
You are more poisoned.
The adder poisons you! You block the adder's attack.
You hit the adder.
You kill the adder!
* * * LOW HITPOINT WARNING * * *
You feel sick.
Your scale mail prevents you from hitting the hobgoblin.
The hobgoblin is severely wounded.
You are feeling hungry.
* * * LOW HITPOINT WARNING * * *
You feel sick. The hobgoblin barely misses you.
You closely miss the hobgoblin.
The hobgoblin is severely wounded.
The hobgoblin hits you but does no damage.
You barely miss the hobgoblin.
The hobgoblin is severely wounded.
* * * LOW HITPOINT WARNING * * *
You feel sick.
The hobgoblin hits you but does no damage.
Your scale mail prevents you from hitting the hobgoblin.
The hobgoblin is severely wounded.
You block the hobgoblin's attack.
You hit the hobgoblin.
The hobgoblin is almost dead.
* * * LOW HITPOINT WARNING * * *
You feel sick. The hobgoblin barely misses you.
You hit the hobgoblin.
You kill the hobgoblin!
The kobold throws a stone.
You block the stone.
* * * LOW HITPOINT WARNING * * *
You feel sick. The kobold hits you with a club.
You die...

############
###....K@(...#
#.....######.#
#.#.#.# #.# ### ..
... #.###.###### #.
.#.##.###...........
#
....##...........##
## #####.#####....#
# ##.#.# #.#.# #


You could see a kobold.

Vanquished Creatures
  An adder (D:2)
  2 dart slugs (D:1)
  A leopard gecko (D:2)
  5 giant cockroaches
  5 goblins
  3 hobgoblins
  6 jackals
  3 kobolds
  3 bats (D:1)
  2 frilled lizards
  6 rats
37 creatures vanquished.

Notes
Turn   | Place    | Note
-------+----------+-------------------------------------------
     0 | D:1      | Mgcat the Demonspawn Fighter began the quest for the Orb.
     0 | D:1      | Reached XP level 1. HP: 18/18 MP: 1/1
    42 | D:1      | Reached skill level 2 in Unarmed Combat
   161 | D:1      | Gained mutation: You regenerate a little health from kills. [demonic ancestry]
   161 | D:1      | Reached XP level 2. HP: 19/24 MP: 2/2
   440 | D:1      | Reached XP level 3. HP: 15/29 MP: 3/3
   927 | D:2      | HP: 7/30 [poisoned by an adder]
   933 | D:2      | HP: 5/30 [poisoned by an adder]
   933 | D:2      | Slain by a kobold

Vault maps used:
D:1:      minmay_arrival_open_corners, minmay_nonomino_d4

Skill      XL: |  1 |
---------------+----+-----
Unarmed Combat | 2 |  2.9
Fighting       | |  3.9
Armour         | |  2.6
Shields        | |  2.6

Action                   || total
-------------------------++-------
Melee: Unarmed           ||   202
Armor: Scale mail        ||    96
Dodge: Dodged            ||    52
Block: Shield            ||    86

Table legend:
 A = Spawn XP
 B = Non-spawn XP
 C = Spawn XP percentage of total XP
 D = Spawn monster count
 E = Non-spawn monster count
 F = Spawn count percentage of total count
 G = Total turns spent on level
                    A         B        C        D         E        F      G
               +---------+---------+-------+---------+---------+-------+---------
         Total |       0 |      80 |   0.0 |       0 |      37 |   0.0 |   933
               +---------+---------+-------+---------+---------+-------+---------
           D:1 |       0 |      46 |   0.0 |       0 |      25 |   0.0 |   659
           D:2 |       0 |      34 |   0.0 |       0 |      12 |   0.0 |   274
               +---------+---------+-------+---------+---------+-------+---------

Vault maps used:
D:1:      minmay_arrival_open_corners, minmay_nonomino_d4

Table legend:
 A = Turns spent in this place as a percentage of turns spent in the entire game.
 B = Non-inter-level travel turns spent in this place as a percentage of non-inter-level travel turns spent in the entire game.
 C = Inter-level travel turns spent in this place as a percentage of turns spent in this place.
 D = Turns resting spent in this place as a percentage of non-inter-level travel turns spent in this place.
 E = Turns spent auto-exploring this place as a percentage of non-inter-level travel turns spent in this place.
 F = Non-inter-level travel turns spent in this place divided by the number of levels of this place that you've seen.
                   A       B       C       D       E      F
               +-------+-------+-------+-------+-------+----------------------
         Total | 100.0 | 100.0 |   1.5 |   0.0 |  65.1 | 459.5
       Dungeon | 100.0 | 100.0 |   1.5 |   0.0 |  65.1 | 459.5
               +-------+-------+-------+-------+-------+----------------------

Table legend:
 A = Kills in this place as a percentage of kills in entire the game.
 B = Kills by you in this place as a percentage of kills by you in the entire game.
 C = Kills by friends in this place as a percentage of kills by friends in the entire game.
 D = Other kills in this place as a percentage of other kills in the entire game.
 E = Experience gained in this place as a percentage of experience gained in the entire game.
 F = Experience gained in this place divided by the number of levels of this place that you have seen.
                   A       B       C       D       E      F
               +-------+-------+-------+-------+-------+----------------------
         Total | 100.0 | 100.0 |   N/A |   N/A | 100.0 |  40.0
       Dungeon | 100.0 | 100.0 |   N/A |   N/A | 100.0 |  40.0
               +-------+-------+-------+-------+-------+----------------------
